 Dungeon Crawl Stone Soup version 0.22.1-1-ga44c0e56f4 (webtiles) character file.

16804 Jerry the Carver (level 12, 0/85 HPs)
             Began as an Octopode Fighter on Oct 14, 2018.
             Was an Initiate of Gozag.
             Slain by a seven-headed hydra (14 damage)
             ... on level 12 of the Dungeon on Oct 15, 2018.
             The game lasted 00:56:42 (14374 turns).

Jerry the Carver (Octopode Fighter)                Turns: 14374, Time: 00:56:43

Health: 0/85       AC:  2    Str: 24    XL:     12   Next: 41%
Magic:  12/12      EV: 21    Int: 14    God:    Gozag
Gold:   1080       SH:  7    Dex: 17    Spells: 11/11 levels left

rFire    + + +     SeeInvis +   x - +8 falchion of Ogeb Ada {slice, rElec rN+ MR+ Dex+4}
rCold    + . .     Gourm    .   H - +0 buckler
rNeg     + . .     Faith    .   (helmet restricted)
rPois    +         Spirit   .   I - amulet of the acrobat
rElec    +         Reflect  .   K - ring of Zoemoros {rC+ Str+2}
rCorr    .         Harm     .   s - ring of protection from fire
MR       +....     NoTele   +   u - ring of poison resistance
Stlth    ++++++....             y - ring of protection from fire
HPRegen  0.24/turn              a - ring "Honypiro" {-Tele rF+ Str+4 Slay+5 Stlth+}
MPRegen  0.13/turn              G - ring of the Octopus King {AC+1 EV+1 Str+1 Int+1 Dex+1 SInv}
                                (no ring)
                                (no ring)

@: no status effects
A: almost no armour, stealthy swim, amphibious, 8 rings, constrict 8, camouflage
1, gelatinous body 1
a: Potion Petition, Call Merchant, Bribe Branch, Renounce Religion


You were on level 12 of the Dungeon.
You worshipped Gozag.
Gozag was most pleased with you.
You were not hungry.

You visited 2 branches of the dungeon, and saw 13 of its levels.
You also visited: Sewer.

You collected 2554 gold pieces.
You spent 1337 gold pieces at shops.
You paid 137 gold pieces to Gozag.

Inventory:

Hand Weapons
 l - a +3 quarterstaff of chaos
 x - the +8 falchion of Ogeb Ada (weapon) {slice, rElec rN+ MR+ Dex+4}
   (You found it on level 6 of the Dungeon)

   It inflicts extra damage upon your enemies.
   It affects your dexterity (+4).
   It insulates you from electricity.
   It protects you from negative energy.
   It affects your resistance to hostile enchantments.
 F - a +1 long sword of holy wrath
Missiles
 n - 2 throwing nets (quivered)
Armour
 b - a +1 shield
 H - a +0 buckler (worn)
Jewellery
 a - the ring "Honypiro" (on tentacle) {-Tele rF+ Str+4 Slay+5 Stlth+}
   (You acquired it on level 9 of the Dungeon)

   [ring of strength]

   It affects your strength (+4).
   It affects your accuracy and damage with ranged weapons and melee attacks
   (+5).
   It protects you from fire.
   It prevents most forms of teleportation.
   It makes you more stealthy.
 s - a ring of protection from fire (right tentacle)
 u - a ring of poison resistance (on tentacle)
 w - a +3 amulet of reflection
 y - a ring of protection from fire (on tentacle)
 G - a ring of the Octopus King (on tentacle) {AC+1 EV+1 Str+1 Int+1 Dex+1 SInv}
   (You bought it in a shop on level 7 of the Dungeon)

   [ring of see invisible]

   It affects your AC (+1).
   It affects your evasion (+1).
   It affects your strength (+1).
   It affects your intelligence (+1).
   It affects your dexterity (+1).
   It lets you see invisible.
 I - an amulet of the acrobat (around mantle)
 K - the ring of Zoemoros (left tentacle) {rC+ Str+2}
   (You bought it in a shop on level 7 of the Dungeon)

   [ring of protection from cold]

   It affects your strength (+2).
   It protects you from cold.
Wands
 o - a wand of flame (84)
 r - a wand of polymorph (16)
 A - a wand of acid (11)
 M - a wand of random effects (30)
Scrolls
 e - a scroll of fear
 f - 5 scrolls of remove curse
 h - 2 scrolls of enchant armour
 k - 8 scrolls of teleportation
 p - 2 scrolls of amnesia
 z - a scroll of enchant weapon
 C - 4 scrolls of blinking
 D - 2 scrolls of magic mapping
 J - a scroll of fog
 N - 2 scrolls of identify
Potions
 c - 3 potions of might
 g - 4 potions of lignification
 i - 2 potions of heal wounds
 j - 2 potions of resistance
 m - 6 potions of curing
 q - 2 potions of berserk rage
 t - 4 potions of haste
 v - 5 potions of magic
 B - 2 potions of degeneration {unknown}
 E - 2 potions of flight {unknown}
 O - a potion of ambrosia {unknown}
 P - a potion of agility {unknown}
Miscellaneous
 L - a phantom mirror
Comestibles
 d - 13 rations


   Skills:
 + Level 9.1 Fighting
 * Level 10.8 Long Blades
 + Level 9.1 Dodging
 - Level 9.5 Stealth
 + Level 10.5 Shields


You had 11 spell levels left.
You didn't know any spells.
Your spell library contained the following spells:

 Spells                   Type           Power        Failure   Level  Hunger
 Animate Skeleton         Necr           N/A          28%         1    ##.....
 Apportation              Tloc           #.....       28%         1    ##.....
 Confusing Touch          Hex            #.....       28%         1    ##.....
 Corona                   Hex            #......      28%         1    ##.....
 Summon Small Mammal      Summ           #...         28%         1    ##.....
 Ensorcelled Hibernation  Hex/Ice        #.....       41%         2    ###....
 Slow                     Hex            #.......     41%         2    ###....
 Confuse                  Hex            #.......     65%         3    ####...
 Dazzling Spray           Conj/Hex       #.....       65%         3    ####...
 Gell's Gravitas          Tloc           #.........   65%         3    ####...
 Inner Flame              Hex/Fire       #.......     65%         3    ####...
 Portal Projectile        Hex/Tloc       #.....       65%         3    ####...
 Tukima's Dance           Hex            #.......     65%         3    ####...
 Cause Fear               Hex            #.........   96%         4    #####..
 Leda's Liquefaction      Hex/Erth       #.........   96%         4    #####..
 Petrify                  Tmut/Erth      #.......     96%         4    #####..
 Metabolic Englaciation   Hex/Ice        #.........   100%        5    ######.
 Yara's Violent Unravell  Hex/Tmut       #.........   100%        5    ######.


Dungeon Overview and Level Annotations

Branches:
Dungeon (12/15)            Temple (1/1) D:7            Lair (0/6) D:9
    Orc (0/2) D:9

Altars:
Ashenzari
Cheibriados
Dithmenos
Elyvilon
Fedhas
Gozag
Hepliaklqana
Kikubaaqudgha
Makhleb
Nemelex Xobeh
Okawaru
Qazlal
Ru
Sif Muna
Trog
Vehumet
Wu Jian
Xom
Yredelemnul
Zin
The Shining One

Shops:
D:4 [   D:7 =   D:12 (


Innate Abilities, Weirdness & Mutations

You cannot wear most types of armour.
You are very stealthy in the water. (Stealth+)
You are amphibious.
You can wear up to eight rings at the same time.
You can use your tentacles to constrict eight enemies at once.
Your skin changes colour to match your surroundings (Stealth+).
Your rubbery body absorbs attacks. (AC +1, EV +1)


Message History

The seven-headed hydra is almost dead.
The seven-headed hydra bites you.
The seven-headed hydra completely misses you.
The seven-headed hydra barely misses you.
The seven-headed hydra completely misses you.
The seven-headed hydra bites you!
* * * LOW HITPOINT WARNING * * *
You block the seven-headed hydra's attack.
The seven-headed hydra completely misses you.
You barely miss the seven-headed hydra.
The seven-headed hydra is almost dead.
The seven-headed hydra bites you!
* * * LOW HITPOINT WARNING * * *
The seven-headed hydra closely misses you.
The seven-headed hydra misses you.
The seven-headed hydra closely misses you. x2
You block the seven-headed hydra's attack.
The seven-headed hydra bites you!
You die...
Your body crumbles into a pile of gold.

..##(......### ###
......)...#.# #..
#.##.......(#####.#
###..#..........##..#
....#........#.##.##
...#...........#.#
#......#.#...#...##
#......#.<...##....
#.@D.....#.....#...
##.....#...#......##
##.....##.#........##
#......##............
######..##................
#............#.#####....#.
#.####..###..#.# ##.....
#.# #..# #..#.# #.....
#.## #..###..#.# #.####


You could see a seven-headed hydra.

Vanquished Creatures
  2 two-headed ogres (D:8)
  An unseen horror (D:11)
  An oklob plant (D:4)
  A cyclops (D:12)
  An ugly thing (D:11)
  A centaur zombie (D:12)
  A komodo dragon (D:11)
  A hornet (D:9)
  A troll (D:10)
  3 hippogriffs
  2 wraiths
  A shadow (D:12)
  Sigmund (D:3)
  19 yaks
  2 wyverns
  Grum (D:11)
  4 vampire mosquitoes
  2 hungry ghosts
  2 soldier ants (D:10)
  An acid dragon (D:11)
  A hornet zombie (D:10)
  3 orc warriors
  3 ice beasts
  2 black bears
  5 sky beasts
  A necrophage (D:10)
  5 phantoms
  3 wolves (D:11)
  An eye of draining (D:11)
  8 ogres
  3 centaurs
  Blork the orc (D:4)
  4 bullfrogs
  5 big kobolds
  2 wyvern zombies (D:12)
  2 scorpions
  4 killer bees (D:10)
  9 wights
  4 howler monkeys
  5 crimson imps
  A jelly (D:12)
  4 quasits
  10 orc wizards
  3 orc priests
  4 centaur skeletons
  A gnoll shaman (D:7)
  7 hounds
  Crazy Yiuf (D:2)
  8 bullfrog skeletons
  Natasha (twice) (D:3)
  2 iguanas
  Ijyb (D:3)
  16 worker ants
  A killer bee zombie (D:10)
  A hound zombie (D:9)
  A hound skeleton (D:11)
  Robin (D:2)
  5 gnolls
  A howler monkey skeleton (D:7)
  24 adders
  3 shadow imps
  An ooze (Sewer)
  2 adder skeletons
  5 worms
  A dart slug (D:2)
  6 leopard geckos
  37 orcs
  8 bats
  6 giant cockroaches
  20 goblins
  13 hobgoblins
  9 jackals
  31 kobolds
  5 quokkas
  4 ball pythons
  5 frilled lizards
  A quokka zombie (D:9)
  3 rats
  A fungus (D:4)
  A plant (D:4)
375 creatures vanquished.

Vanquished Creatures (others)
  An ogre (D:5)
  A centaur (D:11)
  A shadow imp (D:5)
3 creatures vanquished.

Grand Total: 378 creatures vanquished

Notes
Turn   | Place    | Note
-------+----------+-------------------------------------------
     0 | D:1      | Jerry the Octopode Fighter began the quest for the Orb.
     0 | D:1      | Reached XP level 1. HP: 16/16 MP: 1/1
   245 | D:1      | Reached XP level 2. HP: 21/21 MP: 2/2
   766 | D:2      | Reached XP level 3. HP: 20/26 MP: 1/3
   973 | D:2      | Reached skill level 1 in Stealth
  1118 | D:2      | Found a runed door.
  1158 | D:2      | Reached XP level 4. HP: 30/31 MP: 4/4
  1299 | D:2      | Noticed a phantom
  2248 | D:2      | Noticed Crazy Yiuf
  2254 | D:2      | Killed Crazy Yiuf
  2554 | D:2      | Reached XP level 5. HP: 36/36 MP: 5/5
  2698 | D:2      | Found a sparkling altar of Nemelex Xobeh.
  2699 | D:2      | Noticed Robin
  2728 | D:2      | Killed Robin
  2930 | D:2      | Killed a phantom
  2930 | D:2      | Reached XP level 6. HP: 29/43 MP: 6/6
  2938 | D:2      | Found a faded altar of an unknown god.
  3581 | D:3      | Noticed Sigmund
  3596 | D:3      | Killed Sigmund
  3702 | D:3      | Reached XP level 7. HP: 48/48 MP: 7/7
  3750 | D:3      | Noticed Ijyb
  3811 | D:3      | Killed Ijyb
  3905 | D:3      | Noticed Natasha
  3912 | D:3      | Killed Natasha
  4168 | D:3      | Noticed Natasha
  4175 | D:3      | Killed Natasha
  4522 | D:4      | Noticed Blork the orc
  4528 | D:4      | Killed Blork the orc
  4707 | D:4      | Reached skill level 5 in Stealth
  4780 | D:4      | Found a basalt altar of Yredelemnul.
  4786 | D:4      | Reached XP level 8. HP: 53/54 MP: 8/8
  4804 | D:4      | Found a stormy altar of Qazlal.
  4812 | D:4      | Reached skill level 5 in Dodging
  4840 | D:4      | Found a blossoming altar of Fedhas.
  4854 | D:4      | Noticed an oklob plant
  4928 | D:4      | Reached skill level 5 in Fighting
  4928 | D:4      | Reached skill level 5 in Shields
  5312 | D:4      | Found Keshum's Armour Shoppe.
  5457 | D:4      | Got a steaming hand axe
  5458 | D:4      | Identified the +2 hand axe "Ruhioceph" {chop, rC+ rN++
                  | Dex-2} (You found it on level 4 of the Dungeon)
  5480 | D:5      | Entered Level 5 of the Dungeon
  5586 | D:5      | Found a sacrificial altar of Ru.
  6154 | D:5      | Found an ancient bone altar of Kikubaaqudgha.
  6290 | D:5      | Reached skill level 5 in Long Blades
  6506 | D:5      | Found a hazy altar of Hepliaklqana.
  7106 | D:4      | Killed an oklob plant
  7106 | D:4      | Reached XP level 9. HP: 11/62 MP: 9/9
  7699 | D:6      | Found a glowing drain.
  7712 | Sewer    | Entered a sewer
  8406 | D:6      | Got a scorched falchion
  8407 | D:6      | Identified the +8 falchion of Ogeb Ada {slice, rElec rN+
                  | MR+ Dex+4} (You found it on level 6 of the Dungeon)
  8633 | D:7      | Found a staircase to the Ecumenical Temple.
  8654 | Temple   | Entered the Ecumenical Temple
  8713 | Temple   | Became a worshipper of Gozag Ym Sagoz the Greedy
  9100 | D:7      | Found Uxziat's Jewellery Shop.
  9159 | D:7      | Reached XP level 10. HP: 57/69 MP: 10/10
  9392 | D:7      | Bought a ring of the Octopus King {AC+1 EV+1 Str+1 Int+1
                  | Dex+1 SInv} for 477 gold pieces
  9392 | D:7      | Found the ring of the Octopus King {AC+1 EV+1 Str+1 Int+1
                  | Dex+1 SInv}
  9597 | D:8      | Noticed a two-headed ogre
  9609 | D:8      | Killed a two-headed ogre
 10052 | D:8      | Noticed a two-headed ogre
 10070 | D:8      | Killed a two-headed ogre
 10533 | D:9      | Found a staircase to the Lair.
 11015 | D:9      | Found a snail-covered altar of Cheibriados.
 11032 | D:9      | Reached XP level 11. HP: 72/75 MP: 11/11
 11234 | D:9      | Found a staircase to the Orcish Mines.
 11249 | D:9      | Identified a scroll of acquirement
 11250 | D:9      | Got a twitching wooden ring
 11251 | D:9      | Identified the ring "Honypiro" {-Tele rF+ Str+4 Slay+5
                  | Stlth+} (You acquired it on level 9 of the Dungeon)
 11273 | D:10     | Entered Level 10 of the Dungeon
 12301 | D:11     | Noticed Grum
 12325 | D:11     | Killed Grum
 12593 | D:11     | Noticed an unseen horror
 12601 | D:11     | Killed an unseen horror
 12601 | D:11     | Reached skill level 10 in Shields
 12968 | D:11     | Noticed a purple ugly thing
 12986 | D:11     | Reached skill level 10 in Long Blades
 12990 | D:11     | Killed a purple ugly thing
 12990 | D:11     | Reached XP level 12. HP: 61/84 MP: 0/12
 13625 | D:7      | Bought an uncursed amulet of the acrobat for 390 gold
                  | pieces
 13625 | D:7      | Bought the ring of Zoemoros {rC+ Str+2} for 470 gold pieces
 14106 | D:12     | Found Nelytumm's Antique Weapon Shoppe.
 14364 | D:12     | Noticed a four-headed hydra
 14374 | D:12     | Slain by a seven-headed hydra

Skill      XL: |  1  2  3  4  5  6  7  8  9 10 11 12 |
---------------+-------------------------------------+-----
Stealth        | 1 2 3 5 6 8 9 |  9.5
Long Blades    | 3 4 5 6 8 10 | 10.8
Fighting       | 4 5 6 7 8 9 |  9.1
Dodging        | 4 5 6 7 8 9 |  9.1
Shields        | 4 5 6 8 10 | 10.5

Action                   |  1- 3 |  4- 6 |  7- 9 | 10-12 || total
-------------------------+-------+-------+-------+-------++-------
Melee: Long sword        |    49 |    41 |   214 |       ||   304
       Constrict         |    12 |    30 |    61 |    71 ||   174
       Tentacles         |     5 |    28 |    77 |   129 ||   239
       Quarterstaff      |       |    73 |    41 |       ||   114
       Falchion          |       |       |    54 |   373 ||   427
Evoke: Wand              |       |       |       |     4 ||     4
  Use: Scroll            |       |     1 |    14 |    10 ||    25
       Potion            |       |       |       |     3 ||     3
 Stab: Sleeping          |     7 |     6 |    25 |    36 ||    74
       Distracted        |       |     1 |       |     4 ||     5
       Paralysed         |       |       |     1 |       ||     1
  Eat: Chunk             |     1 |     4 |    11 |       ||    16
       Ration            |       |     1 |     2 |     5 ||     8
Armor: Skin              |     1 |    14 |     6 |     9 ||    30
Dodge: Dodged            |    22 |    90 |   121 |   158 ||   391
Block: Shield            |    26 |    17 |   130 |   167 ||   340
       Other             |       |       |     6 |       ||     6
       Reflection        |       |       |     9 |     8 ||    17
       Buckler           |       |       |       |    43 ||    43
       Rpst.: Long sword |     6 |     8 |    22 |       ||    36
       Falchion          |       |       |     5 |    44 ||    49
